Unix NetHack Version 3.7.0-102 Work-in-progress - last build Apr 7 2024 00:22:53 (d302a6a9ff6341f1a922d8f5af178406b35fdf99,branch:master). Game began 2024-04-25 16:13:03, ended 2024-04-25 16:33:09. Ted, neutral male gnomish Wizard ------- ---------------- |%=?[+| |..............| -------------- |.....| |..............-#########-............| -----|- |..............| |............| ------- ## |..............| |.......`....| ####......| # ---.------------ |{...........| # |.....| ## # |.........`...#####0## #|...(.| ## # -----.-------- ######|.&...| # # ## # |.@...| ## # ## ## ------- # ### ###### # # #### -.-.- #### -.--- --------|------- |...| # |...| |..............| |..^.### |...| ####...............| |..>| |....##### |..>...........| |...| |...| |...{..........| ----- |...| ---------------- ----- Ted the Conjurer St:11 Dx:9 Co:18 In:19 Wi:12 Ch:10 Neutral S:979 Dlvl:3 $:85 HP:0(57) Pw:52(52) AC:9 Xp:5/171 T:1951 Hungry Latest messages: The fox bites! You kill the fox! You climb up the stairs. You descend the stairs. You descend the stairs. You hit the water demon! The water demon hits! The water demon hits! The water demon bites! You miss the water demon. The water demon hits! The water demon hits! The water demon bites! You are beginning to feel hungry. You hit the water demon! The water demon hits! The water demon hits! The water demon bites! You miss the water demon. The water demon hits! The water demon hits! The water demon bites! You miss the water demon. The water demon hits! The water demon hits! The water demon bites! You miss the water demon. The water demon hits! The water demon hits! The water demon bites! You miss the water demon. The water demon hits! The water demon hits! The water demon bites! You miss the water demon. A succubus appears in a cloud of smoke! The water demon hits! The water demon hits! The water demon bites! You miss the water demon. You feel very attracted to the succubus. The succubus murmurs in your ear, while helping you undress. "Shall I remove your cloak, dear?" [yn] (n) n "You're such a nice guy; I wish..." The succubus vanishes! The water demon hits! The water demon hits! The water demon bites! You die... Do you want your possessions identified? [ynq] (y) q Inventory: Coins $ - 85 gold pieces Amulets E - an uncursed amulet of life saving Weapons o - a +0 orcish dagger a - a blessed +1 quarterstaff (weapon in hands) Armor b - a blessed +0 cloak of magic resistance (being worn) A - an uncursed +1 Hawaiian shirt with a sea turtle motif Comestibles C - an uncursed cram ration Scrolls D - a cursed scroll of charging q - an uncursed scroll of enchant weapon t - an uncursed scroll of fire Spellbooks l - a blessed spellbook of force bolt m - an uncursed spellbook of protection Potions f - an uncursed potion of speed g - an uncursed potion of water Rings e - an uncursed ring of protection from shape changers (on right hand) Wands u - a wand of secret door detection (0:12) x - a wand of secret door detection (0:11) c - a wand of speed monster (0:5) Tools w - a cursed brass lantern n - a magic marker (0:22) Gems/Stones v - an uncursed worthless piece of black glass s - an uncursed worthless piece of white glass Ted the Wizard's attributes: Background: You were a Conjurer, a level 5 male gnomish Wizard. You were neutral, on a mission for Thoth who was opposed by Ptah (lawful) and Anhur (chaotic). You were right-handed. You were in the Dungeons of Doom, on level 3. You entered the dungeon 1951 turns ago. There was a full moon in effect when your adventure ended. You had 171 experience points, 149 more were needed to attain level 6. Your score was 979 before end-of-game adjustments. Basics: You had 0 out of 57 hit points. You had all 52 energy points (spell power). Your armor class was 9. Your wallet contained 85 zorkmids. Autopickup was on for '$"=/!?' plus thrown. Final Characteristics: Your strength was 11 (limit:18/50). Your dexterity was 9 (limit:18). Your constitution was 18 (limit:18). Your intelligence was 19 (limit:19). Your wisdom was 12 (limit:18). Your charisma was 10 (limit:18). Final Status: You were hungry. You were unencumbered. You were wielding a quarterstaff. You had basic skill with quarterstaff. Final Attributes: You were aligned. You were magic-protected. You had infravision. You were warded. You were protected from shape changers. You were lucky. You are dead. Miscellaneous: You never encountered a bones level. Total elapsed playing time was 20 minutes and 4 seconds. Major events: Turn 1: Ted the neutral male gnomish Wizard entered the dungeon 279: attained the rank of Conjurer (level 3) 1606: entered the Gnomish Mines 1951: killed by a water demon Vanquished creatures: 3 water moccasins a yellow light a gray ooze a floating eye a homunculus 2 giant bats an iguana a hobbit a hobgoblin 2 giant rats a gnome a gnome zombie 2 geckos 3 jackals a fox a goblin 4 sewer rats 4 grid bugs a bat a kobold zombie 2 newts 35 creatures vanquished. No species were genocided or became extinct. Voluntary challenges: You read items or engraved 2 times. You never engraved Elbereth. You never had a pet. You never genocided any monsters. You never polymorphed an object. You never changed form. You used no wishes. Achievements: You attained the rank of Conjurer. You entered a shop. You entered the Gnomish Mines. The Dungeons of Doom: levels 1 to 5 Level 1: Level 2: A sink, a grave. Level 3: <- You were here. Some fountains. Stairs down to The Gnomish Mines. Final resting place for you, killed by a water demon. Level 4: Some fountains. Level 5: The Gnomish Mines: levels 4 to 5 Level 4: Level 5: Game over: ---------- / \ / REST \ / IN \ / PEACE \ / \ | Ted | | 85 Au | | killed by a | | water demon | | | | | | 2024 | *| * * * | * _________)/\\_//(\/(/\)/\//\/|_)_______ Goodbye Ted the Wizard... You died in The Dungeons of Doom on dungeon level 3 with 971 points, and 85 pieces of gold, after 1951 moves. You were level 5 with a maximum of 57 hit points when you died.